AoeStats
← Privilege

Arena

509543302Analyzed
4v4 RM · 4d ago on Sep 27, 2026· 44m 25s· 8 players
Game mode
Random Map
Map size
Large (8 player)
Population
200
Speed
Normal
Resources
Standard
Victory
Conquest
Starting age
Dark Age
Ending age
Imperial Age
RankedLock teamsTeams togetherTeam positionsShared explorationLock speedFull tech treeHidden civsTurbo modeCheats
Victory
Defeat
🇨🇳 Burgundians · China
1759
+7
1659
+10
🇨🇳 Teutons · China
1603
+12
🇨🇳 Malay · China
1575
+14
🇧🇷 Japanese · Brazil
1554
-12
🇨🇳 Danes · China
1531
-11
🇨🇳 Persians · China
1516
-10
🇲🇽 Saxons · Mexico
1507
-10
青衫天子
4:49 Double-Bit Axe
7:12 Horse Collar
7:34 Horse Collar
10:54 Feudal Age
12:49 Bow Saw
15:19 Castle Age
17:19 Wheelbarrow
18:45 Two-Man Saw
19:44 Hand Cart
20:55 Loom
22:44 Loom
24:37 Fervor
25:16 Stone Mining
25:19 Gold Mining
26:32 Guilds
26:26 Heavy Plow
27:42 Town Watch
28:33 Scale Barding Armor
28:38 Forging
31:10 Imperial Age
29:43 Chain Barding Armor
30:41 Iron Casting
30:55 Fletching
31:09 Husbandry
32:30 Conscription
31:51 Elite Coustillier
33:16 Plate Barding Armor
34:03 Blast Furnace
34:12 Burgundian Vineyards
37:18 Caravan
37:49 Coinage
37:22 Caravan
38:10 Pikeman
38:50 Squires
38:51 Scale Mail Armor
38:48 Bodkin Arrow
39:15 Ballistics
39:55 Chemistry
38:35 Treadmill Crane
38:51 Murder Holes
39:41 Devotion
39:56 Block Printing
40:07 Illumination
40:51 Gold Shaft Mining
40:54 Stone Shaft Mining
41:15 Bracer
41:31 Chain Mail Armor
42:31 Banking
42:32 Sanctity
42:33 Faith
43:47 Flemish Revolution
44:54 Plate Mail Armor
口古口古嘎嘎
3:25 Double-Bit Axe
7:09 Horse Collar
11:36 Feudal Age
13:22 Bow Saw
13:15 Heavy Plow
15:59 Castle Age
16:00 Gold Mining
18:11 Two-Man Saw
18:24 Scale Mail Armor
19:44 Wheelbarrow
21:41 Hand Cart
22:53 Gold Shaft Mining
23:58 Loom
24:41 Forging
27:21 Imperial Age
25:25 Squires
25:46 Chain Mail Armor
26:07 Treadmill Crane
28:37 Plate Mail Armor
27:30 Capped Ram
29:33 Iron Casting
30:19 Arson
32:36 Blast Furnace
31:19 Pikeman
32:32 Halberdier
34:19 Town Watch
34:28 Fletching
34:56 Stone Mining
36:22 Chemistry
36:14 Padded Archer Armor
36:38 Ballistics
37:29 Leather Archer Armor
37:52 Bodkin Arrow
38:22 Bombard Tower
38:15 Guilds
43:32 Elite Skirmisher
44:22 Bracer
帅气的俊哥
6:28 Loom
9:31 Feudal Age
12:41 Man-at-Arms
20:43 Double-Bit Axe
21:37 Horse Collar
25:47 Castle Age
27:20 Bow Saw
27:11 Heavy Plow
27:50 Gold Mining
29:56 Stone Mining
32:55 Wheelbarrow
34:07 Squires
34:49 Scale Mail Armor
37:22 Imperial Age
35:05 Forging
35:34 Arson
35:09 Pikeman
36:39 Hand Cart
37:50 Chain Mail Armor
38:10 Iron Casting
37:26 Halberdier
38:19 Town Watch
40:31 Plate Mail Armor
41:02 Blast Furnace
43:07 Conscription
43:23 Ironclad
42:27 Elite Teutonic Knight
Privilege
9:29 Feudal Age
12:37 Double-Bit Axe
15:21 Castle Age
13:21 Horse Collar
15:25 Bow Saw
19:45 Wheelbarrow
19:44 Loom
20:31 Fletching
23:12 Forging
28:10 Heavy Plow
32:12 Imperial Age
29:36 Gold Mining
31:08 Gold Shaft Mining
31:10 Husbandry
34:09 Hand Cart
33:45 Town Watch
34:18 Scale Barding Armor
34:50 Iron Casting
33:52 Elite Battle Elephant
37:20 Blast Furnace
36:50 Conscription
37:25 Sanctity
37:32 Illumination
37:24 Block Printing
39:30 Pikeman
40:10 Squires
39:56 Arson
edengr7
1:32 Loom
9:00 Feudal Age
14:41 Castle Age
12:47 Double-Bit Axe
13:11 Horse Collar
21:24 Bow Saw
24:36 Stone Mining
24:36 Gold Mining
26:33 Loom
27:28 Wheelbarrow
26:55 Town Watch
28:53 Forging
30:06 Scale Mail Armor
31:54 Iron Casting
32:45 Clerical Recruitment
33:33 Town Patrol
34:41 Squires
34:26 Arson
35:47 Chain Mail Armor
38:21 Imperial Age
36:03 Arson
37:26 Hand Cart
39:32 Fletching
40:41 Bodkin Arrow
40:09 Cranequins
40:10 Heavy Mounted Crossbowman
41:08 Thumb Ring
41:29 Ballistics
41:56 Conscription
41:11 Crossbowman
42:12 Bloodlines
42:02 Husbandry
43:07 Chemistry
41:36 Pikeman
42:33 Bracer
43:10 Padded Archer Armor
44:02 Elite Skirmisher
45:01 Leather Archer Armor
enricodias
5:17 Loom
10:31 Feudal Age
14:37 Castle Age
13:06 Double-Bit Axe
14:32 Horse Collar
16:18 Scale Mail Armor
20:01 Chain Mail Armor
20:50 Squires
23:41 Arson
27:51 Gold Mining
29:02 Heavy Plow
32:44 Wheelbarrow
31:54 Town Watch
32:36 Forging
32:52 Stone Mining
37:03 Hand Cart
40:38 Pikeman
今夜月色真好
10:08 Feudal Age
8:26 Loom
10:53 Feudal Age
14:44 Castle Age
14:04 Double-Bit Axe
22:39 Horse Collar
32:12 Wheelbarrow
32:31 Heavy Plow
34:27 Town Watch
38:38 Imperial Age
35:54 Hamask
36:41 Scale Mail Armor
37:27 Forging
38:15 Chain Mail Armor
39:25 Iron Casting
38:48 Arson
39:04 Squires
39:15 Cranequins
39:51 Fletching
40:10 Gold Mining
40:12 Stone Mining
40:53 Conscription
41:00 Thumb Ring
41:19 Bodkin Arrow
42:28 Chemistry
41:52 Ballistics
42:24 Bracer
42:26 Padded Archer Armor
43:31 Heavy Mounted Crossbowman
44:33 Leather Archer Armor
aaa
10:13 Feudal Age
14:10 Castle Age
12:11 Double-Bit Axe
13:27 Horse Collar
14:55 Bow Saw
18:57 Wheelbarrow
22:19 Heavy Plow
26:51 Imperial Age
24:46 Loom
25:49 Scale Barding Armor
26:06 Bloodlines
25:57 Husbandry
26:44 Hand Cart
26:25 Town Watch
28:53 Chain Barding Armor
29:11 Guilds
29:29 Conscription
30:50 Plate Barding Armor
30:27 Forging
33:17 Iron Casting
32:40 Elite War Elephant
34:25 Citadels
37:32 Two-Man Saw
37:45 Blast Furnace
39:07 Light Cavalry
Connection lost

Rejoining the realm…

Still unreachable

The connection could not be restored.

Session expired

The server has moved on; the page needs a fresh start.